 Dungeon Crawl Stone Soup version 0.28-a0-697-g47f3eba078 (webtiles) character file.

Game seed: 15820961478337571616

7001 Conn the Destroyer (level 11, 0/65 HPs)
             Began as an Octopode Fire Elementalist on Oct 23, 2021.
             Was a Priest of Sif Muna.
             Hit by a javelin thrown by a centaur (13 damage)
             ... in a bailey.
             The game lasted 00:30:40 (11626 turns).

Conn the Destroyer (Octopode Fire Elementalist)    Turns: 11626, Time: 00:30:43

Health: 0/65       AC:  1    Str: 13    XL:     11   Next: 8%
Magic:  15/30      EV: 14    Int: 22    God:    Sif Muna [***...]
Gold:   535        SH:  0    Dex: 14    Spells: 13/24 levels left

rFire   + + .      SeeInvis .   b - staff of fire
rCold   + . .      Faith    .   (no shield)
rNeg    . . .      Spirit   .   (helmet restricted)
rPois   .          Reflect  .   (no amulet)
rElec   .          Harm     .   s - ring of protection from fire
rCorr   .          Rampage  .   A - ring of protection from cold
Will    .....                   r - ring of Ussuepp {MP+9 Int+2}
Stlth   +++++.....              C - +6 ring of strength
HPRegen 0.20/turn               (no ring)
MPRegen 0.22/turn               (no ring)
                                (no ring)
                                (no ring)

@: no status effects
A: almost no armour, amphibious, 8 rings, camouflage 1, gelatinous body 1,
(nimble swimmer 1), tentacles
a: Renounce Religion, Channel Magic, Forget Spell


You were in a bailey.
You worshipped Sif Muna.
Sif Muna was most pleased with you.
You visited 2 branches of the dungeon, and saw 10 of its levels.
You also visited: Sewer, Ossuary and Bailey.

You collected 535 gold pieces.

Inventory:

Hand Weapons
 a - a +4 rapier of venom
 d - a +0 short sword
Missiles
 c - a throwing net
 g - 63 poisoned darts
 o - a curare-tipped dart
Magical Staves
 b - a staff of fire (weapon)
Jewellery
 l - an amulet of magic regeneration
 r - the ring of Ussuepp (on tentacle) {MP+9 Int+2}
   (You took it off an orc on level 6 of the Dungeon)

   [ring of magical power]

   Int:       It affects your intelligence (+2).
   MP:        It affects your magic capacity (+9).
 s - a ring of protection from fire (left tentacle)
 A - a ring of protection from cold (right tentacle)
 C - a +6 ring of strength (on tentacle)
Wands
 y - a wand of flame (22)
 B - a wand of charming (9)
Scrolls
 e - 2 scrolls of magic mapping
 f - a scroll of torment
 h - 4 scrolls of teleportation
 k - 2 scrolls of enchant armour
 m - 2 scrolls of amnesia
 n - 2 scrolls of fear
 q - 3 scrolls of fog
 w - a scroll of immolation
 x - 3 scrolls of identify
Potions
 j - 4 potions of curing
 p - 2 potions of brilliance
 t - a potion of lignification {unknown}
 u - a potion of resistance
 v - a potion of mutation {unknown}
 z - a potion of attraction {unknown}
 E - a potion of invisibility {unknown}
 F - a potion of flight {unknown}


   Skills:
 + Level 2.3 Fighting
 + Level 4.1 Short Blades
 + Level 0.5 Staves
 + Level 4.3 Dodging
 + Level 7.6 Stealth
 + Level 7.3 Spellcasting
 * Level 8.4 Conjurations
 + Level 1.5 Hexes
 * Level 8.1 Fire Magic
 * Level 4.9 Invocations


You had 13 spell levels left.
You knew the following spells:

 Your Spells              Type           Power      Damage    Failure   Level
a - Foxfire               Conj/Fire      100%       2x1d9     1%          1
b - Conjure Flame         Conj/Fire      61%        6-21      1%          3
c - Inner Flame           Hex/Fire       44%        N/A       3%          3
d - Flame Wave            Conj/Fire      61%        3d11      2%          4

Your spell library contained the following spells:

 Spells                   Type           Power      Damage    Failure   Level
 Scorch                   Fire           100%       2d10      1%          2
 Ensorcelled Hibernation  Hex/Ice        22%        N/A       9%          2
 Tukima's Dance           Hex            15%        N/A       13%         3
 Gell's Gravitas          Tloc           4%         N/A       24%         3
 Lesser Beckoning         Tloc           8%         N/A       24%         3
 Teleport Other           Tloc           8%         N/A       24%         3
 Animate Dead             Necr           4%         N/A       63%         4
 Borgnjor's Vile Clutch   Necr/Erth      4%         N/A       92%         5
 Death Channel            Necr           4%         N/A       100%        6


Dungeon Overview and Level Annotations

Branches:
Dungeon (9/15)             Temple (1/1) D:4             Orc (0/2) D:9
  Sewer (visited)         Ossuary (visited)          Bailey (1/1)
   Lair: D:8-11

Altars:
Elyvilon
Kikubaaqudgha
Ru
Sif Muna
Wu Jian
Zin

Shops:
D:5 :


Innate Abilities, Weirdness & Mutations

You cannot wear most types of armour.
You are amphibious.
You can wear up to eight rings at the same time.
Your skin changes colour to match your surroundings (Stealth+).
Your rubbery body absorbs attacks. (AC +1, EV +1)
((You are camouflaged near water. (Stealth+)))
You have tentacles for arms and can constrict up to eight enemies at once.


Message History

You feel a surge of power!
You conjure some foxfire!
The orc shouts!
The centaur barely misses you.
Unknown command.
Casting: Foxfire (safe; 1% risk of failure)
Confirm with . or Enter, or press ? or * to list all spells.
You feel a surge of power!
You conjure some foxfire!
The foxfire hits the centaur.
You kill the centaur!
Sif Muna accepts your kill.
Unknown command.
Casting: Foxfire (safe; 1% risk of failure)
Confirm with . or Enter, or press ? or * to list all spells.
You feel a surge of power!
You conjure some foxfire!
The foxfire hits the orc.
The orc is heavily wounded.
Your attack snaps the orc out of its fear.
The foxfire hits the orc.
The orc is severely wounded.
The centaur throws a javelin.
The javelin pierces through you!
* * * LOW HITPOINT WARNING * * *
Your foxfire dissipates!
The foxfire hits the orc!
You kill the orc!
Sif Muna accepts your kill.
The foxfire hits the orc.
The orc is heavily wounded.
You feel better.
The centaur throws a javelin.
The javelin closely misses you.
Aiming: Charm
Press: ? - help, Shift-Dir - straight line, f - centaur
Aim: a centaur, wielding a +0 halberd, wearing a +0 scale mail and quivering javelins (chance to affect: 46%)
The centaur resists with some effort.
The orc shouts!
You hear a shout!
An orc comes into view. It is wielding a +0 halberd.
Aiming: Charm
Press: ? - help, Shift-Dir - straight line, f/p - centaur
Aim: a centaur, wielding a +0 halberd, wearing a +0 scale mail and quivering javelins (chance to affect: 46%)
The centaur resists with some effort.
The orc shouts!
The centaur throws a javelin.
The javelin pierces through you!
You die...

.c.≈..∩∩∩.....≈.$$≈
≈≈.≈..⌠.⌠..≈≈.≈..$≈
o≈.≈≈≈...≈≈≈.≈≈.$≈≈
.≈≈..≈≈≈≈≈..≈≈..⌠≈≈
≈.≈≈≈.c...≈≈≈...≈≈#
≈≈..≈≈≈≈≈≈≈....≈≈#
.≈≈≈.o.o..)≈≈..≈##
...≈≈≈≈≈≈≈≈≈...≈#
###.o)....@....≈#
##########+####


You could see a centaur and 3 orcs.

Vanquished Creatures
  A two-headed ogre (D:8)
  A cyclops (D:9)
  Joseph (D:8)
  A troll (D:5)
  Sigmund (D:3)
  A wraith (D:9)
  2 wyverns
  3 yaks (D:9)
  The ghost of Beardy the Digger, an amateur DDEE of Dithmenos (D:5)
  A steam dragon (D:9)
  2 water moccasins (D:6)
  A hornet zombie (D:9)
  An orc warrior (D:8)
  An ice beast (D:8)
  A sky beast (D:7)
  An ogre (D:4)
  A necrophage (D:6)
  2 centaurs
  3 phantoms
  5 kobold brigands (Sewer)
  2 gnoll sergeants
  3 bullfrogs
  6 water moccasin zombies (Ossuary)
  A scorpion (D:7)
  A troll zombie (D:9)
  8 wights
  2 howler monkeys
  4 centaur zombies
  A bullfrog skeleton (D:5)
  6 hounds
  2 jellies
  5 orc priests
  A centaur skeleton (D:6)
  4 iguanas
  Jessica (D:3)
  9 orc wizards
  4 ogre zombies (D:9)
  A howler monkey zombie (D:8)
  2 mummies (Ossuary)
  2 howler monkey skeletons
  4 gnolls (D:7)
  14 adders
  7 river rats
  2 shadow imps (D:6)
  3 white imps (D:6)
  2 ufetubi
  2 adder skeletons (D:4)
  3 adder zombies (Ossuary)
  3 worms
  3 dart slugs
  40 orcs
  5 bats
  2 endoplasms
  4 giant cockroaches
  10 goblins
  4 hobgoblins
  2 jackals (D:4)
  11 kobolds
  3 quokkas
  8 ball pythons
  3 frilled lizards
  5 gnoll zombies (Ossuary)
  7 hobgoblin zombies
  3 kobold zombies (Ossuary)
  15 orc zombies
  11 rats
272 creatures vanquished.

Vanquished Creatures (collateral kills)
  A gnoll sergeant (D:9)
  An ogre zombie (D:9)
  3 gnolls (D:9)
  An orc skeleton (D:9)
  2 orc zombies (D:9)
8 creatures vanquished.

Vanquished Creatures (others)
  A water moccasin zombie (D:6)
  An orc (D:6)
  659 foxfires
661 creatures vanquished.

Grand Total: 941 creatures vanquished

Notes
Turn   | Place    | Note
-------+----------+-------------------------------------------
     0 | D:1      | Conn the Octopode Fire Elementalist began the quest for the
                  | Orb.
     0 | D:1      | Reached XP level 1. HP: 11/11 MP: 3/3
    54 | D:1      | Found a faded altar of an unknown god.
   347 | D:1      | Reached XP level 2. HP: 16/17 MP: 1/5
   965 | D:2      | Reached XP level 3. HP: 15/21 MP: 6/6
  1091 | D:2      | HP: 1/21 [poisoned by an adder]
  1819 | D:2      | Reached XP level 4. HP: 24/27 MP: 7/7
  2365 | D:3      | Noticed Jessica
  2372 | D:3      | Killed Jessica
  2520 | D:3      | Noticed a phantom
  2526 | D:3      | Killed a phantom
  2527 | D:3      | Reached XP level 5. HP: 32/32 MP: 1/9
  2700 | D:3      | Noticed Sigmund
  2709 | D:3      | Killed Sigmund
  2710 | D:3      | Reached skill level 1 in Fighting
  2710 | D:3      | Reached skill level 1 in Short Blades
  2710 | D:3      | Reached skill level 5 in Stealth
  2710 | D:3      | Reached XP level 6. HP: 29/38 MP: 10/10
  2977 | D:3      | Learned a level 3 spell: Conjure Flame
  2981 | D:3      | Learned a level 3 spell: Inner Flame
  2986 | D:3      | Learned a level 4 spell: Flame Wave
  3729 | D:4      | Reached XP level 7. HP: 43/43 MP: 12/12
  4038 | D:4      | Found a glowing drain.
  4058 | Sewer    | Entered a sewer
  4582 | Sewer    | Reached XP level 8. HP: 48/48 MP: 7/14
  4812 | Sewer    | Reached skill level 5 in Fire Magic
  5292 | D:4      | Found a staircase to the Ecumenical Temple.
  5301 | Temple   | Entered the Ecumenical Temple
  5308 | Temple   | Became a worshipper of Sif Muna the Loreminder
  5369 | D:5      | Entered Level 5 of the Dungeon
  5661 | D:5      | Found a runed translucent door.
  5676 | D:5      | Noticed Beardy's ghost (amateur DDEE)
  5689 | D:5      | Killed Beardy's ghost
  5799 | D:5      | Found a runed translucent door.
  5827 | D:5      | Reached skill level 5 in Spellcasting
  5907 | D:5      | Found Iwiwket's Book Emporium.
  6154 | D:5      | Noticed a troll
  6180 | D:5      | Killed a troll
  6181 | D:5      | Reached skill level 5 in Conjurations
  6181 | D:5      | Reached XP level 9. HP: 54/54 MP: 0/17
  6816 | D:6      | Identified the ring of Ussuepp {MP+9 Int+2}
  6864 | D:7      | Reached * piety under Sif Muna
  6898 | D:7      | Reached skill level 1 in Invocations
  7107 | D:7      | Found a sand-covered staircase.
  7205 | Ossuary  | Entered an ossuary
  7293 | Ossuary  | Reached skill level 1 in Hexes
  7473 | Ossuary  | Reached ** piety under Sif Muna
  7743 | D:7      | Found a white marble altar of Elyvilon.
  8001 | D:7      | Reached XP level 10. HP: 41/60 MP: 11/18
  8189 | D:6      | You fall into a shaft and drop 1 floor!
 10053 | D:8      | Noticed a two-headed ogre
 10056 | D:8      | Reached *** piety under Sif Muna
 10833 | D:8      | Noticed Joseph
 10846 | D:8      | Killed Joseph
 10857 | D:8      | Killed a two-headed ogre
 11528 | D:9      | Found a flagged portal.
 11534 | D:9      | Noticed a cyclops
 11552 | D:9      | Killed a cyclops
 11553 | D:9      | Reached XP level 11. HP: 37/65 MP: 12/21
 11603 | Bailey   | Entered a bailey
 11626 | Bailey   | Hit by a javelin thrown by a centaur

Illustrated notes

Levels and vault maps discovered:
D:1:      amcnicky_arrival_flooded_fountain, layout_basic,
          shapermc_ecumenical_altar_mp_urbaneastern, minmay_liquid_box,
          minmay_misc_feat_x
D:2:      layout_loops_ring, kennysheep_generic_room_15
D:3:      layout_basic, uniq_jessica, uniq_sigmund
D:4:      layout_gridville, minmay_temple_entry_poolview, portal_sewer_entry_b
D:5:      layout_cave_pods, serial_shops, nicolae_stop_n_shop_2,
          ebering_ghost_sewer_f, minmay_curled_crystal, chequers_mini_garden,
          roderic_cross_of_infinity
D:6:      minmay_thinvault, layout_rooms, lemuel_old_faithful
D:7:      layout_loops_ring, mainiacjoe_overflow_six_doors_small,
          nicolae_ossuary_entry_false_entrances
D:8:      layout_loops_cross, amcnicky_mini_corridor_feature, solitary_fountain,
          minmay_sticks_and_stones
D:9:      layout_rooms, zombieorc2_lemuel, enter_bailey_6
Temple:   nicolae_temple_the_god_donut
Bailey:   bailey_polearm_flooded_kennysheep, bailey

Skill      XL: |  1  2  3  4  5  6  7  8  9 10 |
---------------+-------------------------------+-----
Stealth        | 3 4 5 6 7 |  7.6
Conjurations   | 2 3 5 6 8 |  8.4
Fire Magic     | 4 5 6 8 |  8.1
Fighting       | 1 2 |  2.3
Short Blades   | 1 2 3 4 |  4.1
Spellcasting   | 3 4 5 7 |  7.3
Dodging        | 3 4 |  4.3
Invocations    | 2 4 |  4.9
Hexes          | 1 |  1.5
Staves         | |  0.5

Action                   |  1- 3 |  4- 6 |  7- 9 | 10-12 || total
-------------------------+-------+-------+-------+-------++-------
Melee: Unarmed           |     4 |       |       |       ||     4
       Constrict         |     6 |    11 |    25 |     4 ||    46
       Tentacles         |     5 |     9 |    13 |     5 ||    32
       Short sword       |    20 |    55 |       |       ||    75
       Rapier            |       |       |    98 |    11 ||   109
       Staff             |       |       |       |    16 ||    16
 Cast: Foxfire           |    39 |    59 |   153 |   142 ||   393
       Conjure Flame     |       |       |     5 |     4 ||     9
       Flame Wave        |       |       |    13 |    16 ||    29
       Inner Flame       |       |       |     4 |     9 ||    13
Invok: Channel Magic     |       |       |       |     1 ||     1
Evoke: Wand              |       |       |       |     2 ||     2
  Use: Potion            |       |       |     4 |     6 ||    10
       Scroll            |       |       |    13 |     6 ||    19
 Stab: Sleeping          |     3 |     7 |    16 |     1 ||    27
Armor: Skin              |     1 |     2 |    14 |     4 ||    21
Dodge: Dodged            |    18 |    24 |   109 |    48 ||   199

Table legend: (Time is in decaauts)
 A = Elapsed time spent in this place.
 B = Non-inter-level travel time spent in this place.
 C = Inter-level travel time spent in this place.
 D = Time resting spent in this place.
 E = Time spent auto-exploring this place.
 F = Levels seen in this place.
 G = Mean time per level.
                   A        B        C        D        E       F      G
               +--------+--------+--------+--------+--------+-----+--------+
         Total |  11646 |  11408 |    238 |   1128 |   6939 |  13 |  895.8 |
       Dungeon |  10183 |   9945 |    238 |    852 |   6230 |   9 | 1131.4 |
        Temple |     14 |     14 |      0 |      0 |      0 |   1 |   14.0 |
         Sewer |    934 |    934 |      0 |      0 |    638 |   1 |  934.0 |
       Ossuary |    491 |    491 |      0 |    276 |     71 |   1 |  491.0 |
        Bailey |     22 |     22 |      0 |      0 |      0 |   1 |   22.0 |
               +--------+--------+--------+--------+--------+-----+--------+

Top non-repeatable levels by time:
     D:6: 1760 daAuts
     D:2: 1430 daAuts
     D:7: 1363 daAuts
     D:3: 1303 daAuts
     D:5: 1274 daAuts
     D:8: 987 daAuts
   Sewer: 934 daAuts
     D:1: 864 daAuts
     D:4: 828 daAuts
 Ossuary: 491 daAuts
     D:9: 369 daAuts
  Bailey: 22 daAuts
  Temple: 14 daAuts
